[Event "December 5 Late 2023"]
[Site "https://www.chess.com"]
[Date "2023.12.05"]
[Round "2"]
[White "Chlpik, Martin"]
[Black "Atanasov, Anthony"]
[Result "0-1"]
[Board "82"]
[TimeControl "180+1"]
[WhiteFideId "14923351"]
[BlackFideId "2623897"]
[WhiteElo "2257"]
[BlackElo "2662"]
[WhiteTeam "SVK"]
[BlackTeam "CAN"]
[WhiteClock "0:00:39"]
[BlackClock "0:00:03"]

1. d4 Nf6 2. c4 g6 3. f3 c5 4. d5 e6 5. e4 d6 6. Nc3 Bg7 7. Be3 exd5 8. cxd5 O-O 9. Qd2 Re8 10. h4 a6 11. a4 h5 12. Nh3 Nbd7 13. Nf2 Ne5 14. a5 Rb8 15. b3 b6 16. axb6 Qxb6 17. Bc4 Nxc4 18. bxc4 Qb4 19. Rb1 Nxe4 20. Rxb4 Nxd2 21. Rxb8 Bxc3 22. Nd1 Ba5 23. Kf2 Nxc4 24. Bf4 Bc7 25. Rb1 Na3 26. Rc1 Nb5 27. Re1 Rd8 28. Re7 Bb7 29. Nc3 Rc8 30. Ne4 Kf8 31. Bg5 Bxd5 32. Re1 Bb6 33. Nf6 Be6 34. Nd7+ Bxd7 35. Rxd7 c4+ 36. Kg3 Rc7 37. Bh6+ Kg8 38. Rd8+ Kh7 39. Bg5 Rb7 40. Bf6 Bxd8 41. Bxd8 Kg7 42. Re8 Rd7 43. Bg5 d5 44. Bf4 f6 45. Ra8 d4 46. Rxa6 d3 0-1

[Event "December 5 Late 2023"]
[Site "https://www.chess.com"]
[Date "2023.12.05"]
[Round "2"]
[White "Luxama, Jacques Muller"]
[Black "Thomforde-Toates, Noah"]
[Result "0-1"]
[Board "83"]
[TimeControl "180+1"]
[WhiteFideId "11900113"]
[BlackFideId "30951992"]
[WhiteElo "2215"]
[BlackElo "2660"]
[WhiteTeam "HAI"]
[BlackTeam "USA"]
[WhiteClock "0:00:48"]
[BlackClock "0:00:33"]

1. e4 c6 2. d4 g6 3. h4 h5 4. Nf3 Bg7 5. Ng5 d6 6. Bc4 d5 7. Bb3 Nh6 8. exd5 cxd5 9. Nc3 e6 10. Bf4 Nc6 11. Ne2 Nf5 12. c3 Bf6 13. g3 a6 14. Qd3 Bd7 15. O-O-O Rc8 16. Kb1 Na5 17. Rde1 Qb6 18. Nc1 Kf8 19. f3 Bb5 20. Qd1 Bc4 21. g4 Ng7 22. Be5 Bxe5 23. dxe5 Bxb3 24. axb3 Nc6 25. Qd2 Rc7 26. Qf4 d4 27. c4 Na5 28. Kc2 Nxb3 29. Nxb3 d3+ 30. Kc3 a5 31. Nd2 Rd7 32. c5 Qxc5+ 33. Qc4 Qb6 34. Qb3 Qd4# 0-1

[Event "December 5 Late 2023"]
[Site "https://www.chess.com"]
[Date "2023.12.05"]
[Round "2"]
[White "Krallis, Christos"]
[Black "Jing, Andrew"]
[Result "1-0"]
[Board "84"]
[TimeControl "180+1"]
[WhiteFideId "4298896"]
[BlackFideId "30984076"]
[WhiteElo "2659"]
[BlackElo "2207"]
[WhiteTeam "GRE"]
[BlackTeam "USA"]
[WhiteClock "0:00:22"]
[BlackClock "0:00:17"]

1. d4 Nf6 2. c4 g6 3. Nc3 Bg7 4. Bg5 O-O 5. Nf3 d6 6. e4 c5 7. d5 h6 8. Bh4 g5 9. Bg3 Nh5 10. Be2 f5 11. exf5 Bxf5 12. O-O Nxg3 13. hxg3 Nd7 14. Bd3 Bg4 15. Be2 Nf6 16. Nd2 Bf5 17. Re1 Qd7 18. Nf1 Bg6 19. Bd3 Bh5 20. Be2 Bxe2 21. Qxe2 Ng4 22. f3 Bd4+ 23. Kh1 Nf2+ 24. Kh2 g4 25. Ne3 gxf3 26. Qxf2 fxg2 27. Qxg2 Rf7 28. Qh3 Rf2+ 29. Ng2 Qxh3+ 30. Kxh3 Rxb2 31. Nb5 Bf6 32. Rad1 Rxa2 33. Nc7 Rc8 34. Ne6 Rc2 35. Ne3 Rc3 36. Rc1 Rd3 37. Nf4 Rb3 38. Nf5 Kf8 39. Nxe7 Bxe7 40. Ng6+ Kf7 41. Nxe7 Re8 42. Nf5 Rd8 43. Re6 b5 44. Nxd6+ Kg7 45. Nf5+ Kf7 46. Nxh6+ Kf8 47. Rf1+ Kg7 48. Rf7+ Kh8 49. Ree7 1-0

[Event "December 5 Late 2023"]
[Site "https://www.chess.com"]
[Date "2023.12.05"]
[Round "2"]
[White "Apoorv Kamble"]
[Black "Novikova, Margarita"]
[Result "1-0"]
[Board "85"]
[TimeControl "180+1"]
[WhiteFideId "25683012"]
[BlackFideId "14109689"]
[WhiteElo "2657"]
[BlackElo "2131"]
[WhiteTeam "IND"]
[BlackTeam "GER"]
[WhiteClock "0:01:47"]
[BlackClock "0:00:00"]

1. e4 d5 2. exd5 Qxd5 3. Nc3 Qd6 4. Bd3 e5 5. Nge2 Nf6 6. O-O a6 7. f4 Nc6 8. Ne4 Nxe4 9. Bxe4 Be6 10. fxe5 Qxe5 11. Bxc6+ bxc6 12. d3 Bd6 13. Ng3 O-O 14. d4 Qb5 15. b3 Rad8 16. c4 Qb8 17. Nf5 Qc8 18. Nxd6 cxd6 19. Bb2 d5 20. c5 Bg4 21. Qd3 Bh5 22. Rae1 Bg6 23. Qg3 Rfe8 24. Bc1 Rxe1 25. Rxe1 Re8 26. Bf4 Rxe1+ 27. Qxe1 Qe6 28. Qa5 Qc8 29. h3 h6 30. Qb6 Bd3 31. Be5 Qe6 32. a4 f6 33. Bd6 Qe3+ 34. Kh2 Qe2 35. Qxc6 Be4 36. Qc8+ Kh7 37. Qg4 Qb2 38. Be7 Qxb3 39. Bf8 Bg6 40. c6 Qc4 41. Bc5 h5 42. Qe6 Qd3 43. c7 Bf5 44. c8=Q Bxe6 45. Qxe6 h4 46. Qg4 Qg3+ 47. Qxg3 hxg3+ 48. Kxg3 Kg6 49. Kf4 1-0

[Event "December 5 Late 2023"]
[Site "https://www.chess.com"]
[Date "2023.12.05"]
[Round "2"]
[White "Negron Lizarazo, Juan Sebastian"]
[Black "Pakleza, Zbigniew"]
[Result "0-1"]
[Board "86"]
[TimeControl "180+1"]
[WhiteFideId "3936910"]
[BlackFideId "1119290"]
[WhiteElo "2104"]
[BlackElo "2655"]
[WhiteTeam "COL"]
[BlackTeam "POL"]
[WhiteClock "0:00:06"]
[BlackClock "0:00:02"]

1. e4 d6 2. d4 Nf6 3. Bd3 e5 4. Nf3 Nbd7 5. dxe5 dxe5 6. Nc3 c6 7. O-O Be7 8. Qe2 O-O 9. Rd1 Qc7 10. Bg5 Re8 11. Bh4 a5 12. a4 Nf8 13. Bg3 Ng6 14. Bc4 Bb4 15. Ng5 Rf8 16. Na2 Bc5 17. c3 h6 18. Nf3 Re8 19. b4 Bf8 20. b5 Nh5 21. bxc6 bxc6 22. Nc1 Nhf4 23. Qe3 Be6 24. Bxe6 Nxe6 25. Nd3 f6 26. Rab1 Rab8 27. Nd2 c5 28. Nc4 Qc6 29. Nxa5 Qxa4 30. Ra1 Qb5 31. c4 Qb6 32. Rdb1 Qxb1+ 33. Rxb1 Rxb1+ 34. Ne1 Nd4 35. f3 Ra8 36. Nb7 Rxb7 37. h4 h5 38. Kh2 Ra2 39. f4 exf4 40. Bxf4 Nxf4 41. Qxf4 Rb1 42. Nf3 Nxf3+ 43. Qxf3 Rbb2 44. Qxh5 Rxg2+ 45. Kh3 Rad2 46. Qf5 Rgf2 47. Qe6+ Kh7 48. Qf7 Rd3+ 49. Kg4 Rg2+ 50. Kh5 Rdg3 51. e5 Rg6 52. exf6 Rh6# 0-1

[Event "December 5 Late 2023"]
[Site "https://www.chess.com"]
[Date "2023.12.05"]
[Round "2"]
[White "Tokhirjonova, Gulrukhbegim"]
[Black "De Souza, Arthur Olintho"]
[Result "1-0"]
[Board "87"]
[TimeControl "180+1"]
[WhiteFideId "14203626"]
[BlackFideId "2116200"]
[WhiteElo "2654"]
[BlackElo "2041"]
[WhiteTeam "USA"]
[BlackTeam "BRA"]
[WhiteClock "0:00:42"]
[BlackClock "0:00:17"]

1. Nf3 d5 2. e3 Nf6 3. b3 g6 4. Bb2 Bg7 5. Be2 O-O 6. O-O c5 7. c4 dxc4 8. bxc4 Qb6 9. Bc3 Nc6 10. Na3 Bf5 11. d3 Rfd8 12. Qc2 Rd7 13. Rab1 Qd8 14. e4 Bg4 15. Rfd1 a6 16. Qb2 Bxf3 17. Bxf3 Nd4 18. Bxd4 Rxd4 19. Qxb7 Rc8 20. Nc2 Rd7 21. Qxa6 Ra8 22. Qb5 Rxa2 23. Ne3 Rxd3 24. e5 Nh5 25. Qxc5 Nf4 26. Nd5 Nxd5 27. Rxd3 1-0

[Event "December 5 Late 2023"]
[Site "https://www.chess.com"]
[Date "2023.12.05"]
[Round "2"]
[White "Papasimakopoulos, Alexandros"]
[Black "Aung Thant Zin"]
[Result "1-0"]
[Board "88"]
[TimeControl "180+1"]
[WhiteFideId "4244125"]
[BlackFideId "13000063"]
[WhiteElo "2650"]
[BlackElo "2039"]
[WhiteTeam "GRE"]
[BlackTeam "MYA"]
[WhiteClock "0:00:23"]
[BlackClock "0:00:06"]

1. d4 Nf6 2. c4 e6 3. Nc3 Bb4 4. Qc2 O-O 5. a3 Bxc3+ 6. Qxc3 Ne4 7. Qc2 d5 8. Nf3 c6 9. Bf4 Nd7 10. e3 Re8 11. Bd3 f5 12. h4 Nf8 13. Ne5 Nd7 14. f3 Nef6 15. O-O-O Nxe5 16. Bxe5 Nd7 17. Bf4 Nf8 18. g4 fxg4 19. fxg4 e5 20. Bxe5 Bxg4 21. Rdg1 Qd7 22. h5 h6 23. Qg2 Rxe5 24. dxe5 dxc4 25. Qxg4 cxd3 26. Qxd7 Nxd7 27. e6 Nc5 28. Rg6 Re8 29. Rhg1 Nxe6 30. Rxh6 c5 31. Rhg6 Kh7 32. R6g4 b5 33. Re4 c4 34. Rg6 Nc7 35. Rxe8 Nxe8 36. Ra6 Nf6 37. Rxa7 Nd5 38. Kd2 Nf6 39. Rb7 Ne4+ 40. Kc1 c3 41. bxc3 Nxc3 42. Rd7 b4 43. Rxd3 Kh6 44. Rxc3 bxc3 45. a4 Kxh5 46. a5 g5 47. a6 g4 48. a7 g3 49. a8=Q Kg4 50. Qg2 1-0

[Event "December 5 Late 2023"]
[Site "https://www.chess.com"]
[Date "2023.12.05"]
[Round "2"]
[White "Burke, Paul"]
[Black "Goltsev, Dmitry"]
[Result "0-1"]
[Board "89"]
[TimeControl "180+1"]
[WhiteFideId "2605767"]
[BlackFideId "24176710"]
[WhiteElo "1811"]
[BlackElo "2649"]
[WhiteTeam "CAN"]
[BlackTeam "RUS"]
[WhiteClock "0:00:09"]
[BlackClock "0:00:15"]

1. e4 e6 2. d4 d5 3. e5 c5 4. Qg4 cxd4 5. Nf3 Nc6 6. Bd3 Nge7 7. O-O Ng6 8. Qg3 Be7 9. c3 dxc3 10. Nxc3 a6 11. a3 b5 12. b4 Bb7 13. Bd2 Qb6 14. h4 Rg8 15. h5 Nf8 16. Rac1 Nd4 17. Nxd4 Qxd4 18. Bxb5+ axb5 19. Nxb5 Qxd2 20. Nc7+ Kd8 21. Nxa8 Bxa8 22. Qb3 f6 23. Qa4 Bb7 24. Qb5 fxe5 25. Qxb7 Ke8 26. Rc8+ Kf7 27. Rc7 Qg5 28. a4 g6 29. h6 Qf6 30. a5 g5 31. a6 Ng6 32. a7 Nf4 33. Rc8 Ne2+ 34. Kh1 Qxh6# 0-1

[Event "December 5 Late 2023"]
[Site "https://www.chess.com"]
[Date "2023.12.05"]
[Round "2"]
[White "Matrix3x3a"]
[Black "Bardyk, Artem"]
[Result "0-1"]
[Board "90"]
[TimeControl "180+1"]
[BlackFideId "34349979"]
[WhiteElo "2449"]
[BlackElo "2860"]
[BlackTeam "RUS"]
[WhiteClock "0:01:41"]
[BlackClock "0:01:40"]

1. d4 d5 2. c4 c6 3. Nf3 Nf6 4. Qc2 e6 5. Nbd2 b5 6. b3 bxc4 7. bxc4 Bb4 8. Rb1 a5 9. a3 Bxd2+ 10. Bxd2 O-O 11. Bf4 Ba6 12. e3 Nbd7 13. c5 Bxf1 14. Kxf1 Qc8 15. g3 Ne4 16. Kg2 f6 17. h4 e5 18. dxe5 fxe5 19. Nxe5 Nxe5 20. Bxe5 Rxf2+ 21. Qxf2 Nxf2 22. Kxf2 Qf5+ 23. Bf4 Qc2+ 24. Kf3 Re8 25. Rhc1 Qe4+ 26. Kf2 d4 27. Re1 Qc2+ 28. Kg1 dxe3 29. Bxe3 Qd3 30. Bf2 Rxe1+ 31. Rxe1 Qxa3 0-1

[Event "December 5 Late 2023"]
[Site "https://www.chess.com"]
[Date "2023.12.05"]
[Round "2"]
[White "Davidson, Kevin"]
[Black "Rastbod, Ali"]
[Result "0-1"]
[Board "91"]
[TimeControl "180+1"]
[WhiteFideId "2056810"]
[BlackFideId "12567477"]
[WhiteElo "2441"]
[BlackElo "2766"]
[WhiteTeam "USA"]
[BlackTeam "IRI"]
[WhiteClock "0:00:00"]
[BlackClock "0:01:19"]

1. e4 d6 2. d4 Nf6 3. Nc3 g6 4. f4 Bg7 5. Nf3 c5 6. Bb5+ Nfd7 7. d5 a6 8. Bxd7+ Bxd7 9. a4 Bg4 10. h3 Bxf3 11. Qxf3 Nd7 12. O-O O-O 13. Kh1 Rb8 14. a5 b5 15. axb6 Rxb6 16. Qd3 Qc8 17. Ra4 Qb7 18. b3 Ra8 19. Bd2 Rb4 20. Rfa1 c4 21. Rxb4 Qxb4 22. bxc4 Nc5 23. Qe3 Qxc4 24. e5 a5 25. Ra3 a4 26. Kh2 h5 27. Ne2 Qxd5 28. Bb4 Ne6 29. Nc3 Qc6 30. exd6 exd6 31. Qd3 Nxf4 32. Qxd6 Qxd6 33. Bxd6 Bxc3 34. Rxc3 Nd5 35. Ra3 Nb6 36. Be7 Nc4 37. Ra2 f5 38. Kg3 Kf7 39. Bb4 g5 40. Kf3 Ke6 41. Ke2 Kd5 42. Kd3 f4 43. Kc3 g4 44. Be7 f3 45. hxg4 fxg2 46. Ra1 hxg4 47. Kb4 Rb8+ 48. Kxa4 Ra8+ 0-1

[Event "December 5 Late 2023"]
[Site "https://www.chess.com"]
[Date "2023.12.05"]
[Round "2"]
[White "Skvortsov, Andrei"]
[Black "Saito, Vinicius"]
[Result "1-0"]
[Board "92"]
[TimeControl "180+1"]
[WhiteFideId "24108600"]
[BlackFideId "2113384"]
[WhiteElo "2759"]
[BlackElo "2406"]
[WhiteTeam "MNE"]
[BlackTeam "BRA"]
[WhiteClock "0:01:51"]
[BlackClock "0:00:48"]

1. e4 c5 2. d4 cxd4 3. Qxd4 Nc6 4. Qd3 Nf6 5. Nc3 g6 6. Nf3 Bg7 7. Be2 d6 8. O-O O-O 9. Nd5 Bg4 10. c3 Bxf3 11. Qxf3 Rc8 12. Bg5 Ne5 13. Qe3 h6 14. Nxf6+ exf6 15. Bxh6 Re8 16. Bxg7 Kxg7 17. Qxa7 b6 18. Qa4 Qc7 19. Bb5 Rh8 20. h3 Rh4 21. Qd4 Rch8 22. f4 Nd7 23. Bxd7 Qxd7 24. Rf3 Qe6 25. Qd5 Qe7 26. Rd1 R8h5 27. Qd4 b5 28. a3 g5 29. Qxd6 Qxe4 30. fxg5 Rxg5 31. Qxf6+ 1-0

[Event "December 5 Late 2023"]
[Site "https://www.chess.com"]
[Date "2023.12.05"]
[Round "2"]
[White "Zavgorodniy, Sergiy"]
[Black "Bonin, Jay"]
[Result "1/2-1/2"]
[Board "93"]
[TimeControl "180+1"]
[WhiteFideId "14110148"]
[BlackFideId "2000644"]
[WhiteElo "2655"]
[BlackElo "2362"]
[WhiteTeam "UKR"]
[BlackTeam "USA"]
[WhiteClock "0:00:19"]
[BlackClock "0:00:48"]

1. d4 Nf6 2. c4 e6 3. Nf3 a6 4. e3 c5 5. Nc3 d5 6. cxd5 exd5 7. dxc5 Bxc5 8. a3 O-O 9. b4 Ba7 10. Bb2 Nc6 11. Be2 d4 12. exd4 Nxd4 13. Nxd4 Bxd4 14. O-O Bf5 15. Na4 Bxb2 16. Nxb2 Ne4 17. Bc4 Qf6 18. Nd3 Rfd8 19. Rc1 Rac8 20. Re1 Nc3 21. Qb3 Ne2+ 22. Rxe2 Bxd3 23. Ree1 Bxc4 24. Rxc4 Rxc4 25. Qxc4 g6 1/2-1/2

[Event "December 5 Late 2023"]
[Site "https://www.chess.com"]
[Date "2023.12.05"]
[Round "2"]
[White "Martins, Vinicius Tine"]
[Black "yaguigor"]
[Result "0-1"]
[Board "94"]
[TimeControl "180+1"]
[WhiteFideId "2112884"]
[WhiteElo "2653"]
[BlackElo "2365"]
[WhiteTeam "BRA"]
[WhiteClock "0:00:00"]
[BlackClock "0:00:17"]

1. d4 d5 2. Nf3 Nf6 3. c4 c6 4. Nc3 e6 5. g3 dxc4 6. a4 Bb4 7. Bg2 c5 8. O-O Nc6 9. e3 O-O 10. Na2 Qb6 11. Nxb4 Nxb4 12. Ne5 cxd4 13. Nxc4 Qc5 14. b3 e5 15. Ba3 a5 16. exd4 exd4 17. Qd2 Re8 18. Nxa5 Qxa5 19. Bxb4 Qb6 20. a5 Qd8 21. Rfd1 Bg4 22. Bxb7 Bxd1 23. Rxd1 Rb8 24. a6 Rxb7 25. axb7 Qb6 26. Qxd4 Qxb7 27. h3 h5 28. Qc4 h4 29. Qxh4 Qf3 30. Rb1 Re4 0-1

[Event "December 5 Late 2023"]
[Site "https://www.chess.com"]
[Date "2023.12.05"]
[Round "2"]
[White "Cardozo Munar, Carlos Eduardo"]
[Black "Koellner, Ruben Gideon"]
[Result "0-1"]
[Board "95"]
[TimeControl "180+1"]
[WhiteFideId "4409477"]
[BlackFideId "12993093"]
[WhiteElo "2272"]
[BlackElo "2648"]
[WhiteTeam "COL"]
[BlackTeam "GER"]
[WhiteClock "0:01:53"]
[BlackClock "0:02:35"]

1. d4 d6 2. c3 e5 3. dxe5 dxe5 4. Qxd8+ Kxd8 5. b3 Be6 6. Bb2 c6 7. Nd2 Nd7 8. O-O-O Kc7 9. e3 f6 10. Bc4 Bxc4 11. Nxc4 Nh6 12. h3 a5 13. Ne2 Nc5 14. Ng3 b5 15. Nd2 Nd3+ 16. Kc2 Nxf2 17. Nde4 Nxh1 18. Rxh1 Be7 19. Nh5 Nf5 20. Bc1 Rhg8 21. g4 Nd6 22. Nd2 g6 23. Ng3 f5 24. Rf1 Raf8 25. Nf3 fxg4 26. hxg4 e4 27. Nd2 Rxf1 28. Ngxf1 h5 29. Ng3 h4 30. Ngxe4 Nxe4 31. Nxe4 h3 32. Nf2 h2 33. Nh1 Rf8 0-1

[Event "December 5 Late 2023"]
[Site "https://www.chess.com"]
[Date "2023.12.05"]
[Round "2"]
[White "Ismagilov, Damir"]
[Black "Degtiarev, Evgeny"]
[Result "1-0"]
[Board "96"]
[TimeControl "180+1"]
[WhiteFideId "34199982"]
[BlackFideId "4149610"]
[WhiteElo "2590"]
[BlackElo "2356"]
[WhiteTeam "RUS"]
[BlackTeam "GER"]
[WhiteClock "0:01:30"]
[BlackClock "0:00:00"]

1. d4 Nf6 2. Bf4 d5 3. e3 c6 4. c4 e6 5. Nc3 Bd6 6. Bxd6 Qxd6 7. c5 Qe7 8. f4 b6 9. b4 a5 10. a3 Nbd7 11. Nf3 O-O 12. Bd3 Ba6 13. O-O Bxd3 14. Qxd3 b5 15. Ne5 Rfc8 16. h3 Ne8 17. Nxd7 Qxd7 18. f5 exf5 19. bxa5 g6 20. a4 b4 21. Na2 Rcb8 22. Rfb1 Rxa5 23. Rxb4 Rxb4 24. Nxb4 Nc7 25. Qc3 Ra7 26. a5 Nb5 27. Qd3 Qe6 28. a6 h5 29. Ra5 Nc7 30. Nc2 g5 31. Qb3 1-0

[Event "December 5 Late 2023"]
[Site "https://www.chess.com"]
[Date "2023.12.05"]
[Round "2"]
[White "Duda, Jan-Krzysztof"]
[Black "Toncheva, Nadya"]
[Result "1-0"]
[Board "97"]
[TimeControl "180+1"]
[WhiteFideId "1170546"]
[BlackFideId "2924056"]
[WhiteElo "3037"]
[BlackElo "2535"]
[WhiteTeam "POL"]
[BlackTeam "BUL"]
[WhiteClock "0:00:11"]
[BlackClock "0:00:02"]

1. Na3 c5 2. e4 g6 3. c3 Bg7 4. d4 cxd4 5. cxd4 d5 6. exd5 Qxd5 7. Nb5 Na6 8. Be2 Nf6 9. Nf3 O-O 10. O-O Bf5 11. Re1 Rfc8 12. Nc3 Qd8 13. Bxa6 bxa6 14. Qe2 Nd5 15. Nxd5 Qxd5 16. Qxe7 Bg4 17. Ne5 Re8 18. Qb4 Bxe5 19. dxe5 Rxe5 20. Bh6 Be6 21. Qc3 f6 22. Rad1 Qc4 23. Rxe5 Qxc3 24. Rxe6 Qxb2 25. Re7 Rc8 26. h3 g5 27. Rg7+ Kh8 28. Rc7 Re8 29. Rdd7 Qb1+ 30. Kh2 Qg6 31. Bg7+ Kg8 32. g3 h5 33. Rd6 Qxg7 34. Rxg7+ Kxg7 35. Rxa6 Re7 36. Kg2 Kf7 37. a4 Kg6 38. Kf3 Kf5 39. Ra5+ Ke6 40. h4 g4+ 41. Kf4 Rd7 42. Rxh5 Rd4+ 43. Ke3 Rxa4 44. Rc5 a5 45. Rc3 Ra1 46. Rc4 Ra3+ 47. Kf4 Rf3+ 48. Kxg4 Rxf2 49. Rc6+ Kf7 50. Ra6 Ra2 51. Kh5 a4 52. g4 a3 53. Ra7+ Ke6 54. Kg6 Rh2 55. Ra6+ Kd5 56. Rxa3 Rxh4 57. Kf5 Rh1 58. Rd3+ Kc4 59. Rf3 Kd4 60. Kxf6 Ke4 61. Rf2 Rg1 62. g5 1-0

[Event "December 5 Late 2023"]
[Site "https://www.chess.com"]
[Date "2023.12.05"]
[Round "2"]
[White "Matlakov, Maxim"]
[Black "Bhandari, Krish"]
[Result "1-0"]
[Board "98"]
[TimeControl "180+1"]
[WhiteFideId "4168003"]
[BlackFideId "30955106"]
[WhiteElo "2998"]
[BlackElo "2114"]
[WhiteTeam "RUS"]
[BlackTeam "USA"]
[WhiteClock "0:02:41"]
[BlackClock "0:01:33"]

1. b3 g6 2. Bb2 Nf6 3. Nf3 Bg7 4. c4 O-O 5. g3 b6 6. Bg2 Bb7 7. O-O d6 8. d4 Nbd7 9. Nc3 c5 10. d5 a6 11. a4 Ng4 12. h3 Nge5 13. Nd2 f5 14. Qc2 Qe8 15. f4 Nf7 16. Rae1 Nf6 17. e4 fxe4 18. Ncxe4 Qd7 19. Nf3 h6 20. Nxf6+ exf6 21. Qxg6 Nh8 22. Qh5 b5 23. Nh4 bxc4 24. Nf5 cxb3 25. Re7 Qxe7 26. Nxe7+ Kh7 27. Be4+ 1-0

[Event "December 5 Late 2023"]
[Site "https://www.chess.com"]
[Date "2023.12.05"]
[Round "2"]
[White "Dubreuil, Julien"]
[Black "Deac, Bogdan-Daniel"]
[Result "0-1"]
[Board "99"]
[TimeControl "180+1"]
[WhiteFideId "621285"]
[BlackFideId "1226380"]
[WhiteElo "2389"]
[BlackElo "2989"]
[WhiteTeam "FRA"]
[BlackTeam "ROU"]
[WhiteClock "0:00:00"]
[BlackClock "0:00:07"]

1. e4 c6 2. Nf3 d5 3. exd5 cxd5 4. Ne5 a6 5. d4 Nc6 6. c4 Be6 7. Nxc6 bxc6 8. Qa4 Bd7 9. c5 g6 10. Bf4 Nh6 11. Nd2 f6 12. Nf3 Nf7 13. Bg3 Bg7 14. h4 e5 15. h5 e4 16. hxg6 hxg6 17. Rxh8+ Bxh8 18. Nd2 f5 19. Nb3 g5 20. f4 Qb8 21. O-O-O Bf6 22. Kb1 gxf4 23. Bh2 Bg5 24. Na5 Qd8 25. Be2 Qf6 26. Bg1 Ke7 27. Bh5 Rh8 28. Bxf7 Kxf7 29. Nb7 e3 30. Nd6+ Kg6 31. Qxa6 Qe6 32. Qe2 Be8 33. a4 Kg7 34. a5 Bh5 35. Qa6 Bxd1 36. Qb7+ Kg6 37. a6 e2 38. Bf2 Bh4 39. Bxh4 Rxh4 40. a7 e1=Q 41. Ka2 Qa5+ 42. Kb1 Rh1 43. b4 Bb3+ 0-1

[Event "December 5 Late 2023"]
[Site "https://www.chess.com"]
[Date "2023.12.05"]
[Round "2"]
[White "Melikhov, Evgeny V."]
[Black "Martinez Alcantara, Jose Eduardo"]
[Result "0-1"]
[Board "100"]
[TimeControl "180+1"]
[WhiteFideId "4122046"]
[BlackFideId "3805662"]
[WhiteElo "2388"]
[BlackElo "2966"]
[WhiteTeam "GRE"]
[BlackTeam "PER"]
[WhiteClock "0:00:01"]
[BlackClock "0:02:40"]

1. d4 a6 2. e4 c6 3. Nf3 d5 4. exd5 cxd5 5. Bd3 Nf6 6. O-O Bg4 7. Nbd2 Nc6 8. c3 e6 9. Re1 Bd6 10. Nf1 O-O 11. Ng3 Qc7 12. Bg5 Nh5 13. Nxh5 Bxh5 14. h3 Rae8 15. Qc2 Bg6 16. Bxg6 hxg6 17. Re2 b5 18. a3 Rc8 19. Qd2 Na5 20. Rae1 Nc4 21. Qd3 a5 22. Bc1 b4 23. axb4 axb4 24. Ng5 bxc3 25. bxc3 Bf4 26. Nxe6 fxe6 27. Qxg6 Rf6 28. Bxf4 Qxf4 29. Qg4 Qxg4 30. hxg4 Rc6 31. g5 Rf5 32. Rxe6 Rxe6 33. Rxe6 Rxg5 34. f4 Rg3 35. Re8+ Kf7 36. Rd8 Ke6 37. Re8+ Kd7 38. Rg8 Nd6 39. Kf2 Ne4+ 40. Kf1 Nxc3 41. f5 Ne4 0-1

[Event "December 5 Late 2023"]
[Site "https://www.chess.com"]
[Date "2023.12.05"]
[Round "2"]
[White "Mickiewicz, Piotr"]
[Black "Khismatullin, Denis"]
[Result "0-1"]
[Board "101"]
[TimeControl "180+1"]
[WhiteFideId "1114891"]
[BlackFideId "4142578"]
[WhiteElo "2387"]
[BlackElo "2928"]
[WhiteTeam "POL"]
[BlackTeam "RUS"]
[WhiteClock "0:00:13"]
[BlackClock "0:01:17"]

1. d4 Nf6 2. c4 e6 3. Nf3 d5 4. Nc3 c6 5. e3 Nbd7 6. Qc2 Bd6 7. Bd3 O-O 8. e4 dxc4 9. Bxc4 e5 10. dxe5 Nxe5 11. Nxe5 Bxe5 12. O-O Re8 13. Bg5 Bxh2+ 14. Kh1 Be5 15. f4 Bxc3 16. bxc3 h6 17. Bh4 Qa5 18. e5 Nd5 19. Bxd5 Qxd5 20. c4 Qc5 21. Rae1 b5 22. Bg3 Qxc4 23. Qxc4 bxc4 24. f5 Rb8 25. Re3 Rb2 26. Rc1 Bxf5 0-1

[Event "December 5 Late 2023"]
[Site "https://www.chess.com"]
[Date "2023.12.05"]
[Round "2"]
[White "Grigoriants, Sergey"]
[Black "Chaika, Vitalii"]
[Result "1-0"]
[Board "102"]
[TimeControl "180+1"]
[WhiteFideId "4130804"]
[BlackFideId "14111802"]
[WhiteElo "2925"]
[BlackElo "2386"]
[WhiteTeam "HUN"]
[BlackTeam "UKR"]
[WhiteClock "0:01:06"]
[BlackClock "0:00:18"]

1. d4 d6 2. Nf3 Nd7 3. e4 e5 4. Bc4 exd4 5. Qxd4 Ngf6 6. Nc3 Be7 7. Bf4 O-O 8. O-O-O Nb6 9. Bb3 Be6 10. Qe3 Qc8 11. Nd4 Bxb3 12. axb3 Ng4 13. Qg3 Bf6 14. Nf5 Ne5 15. Bg5 Qe6 16. Nb5 Rfc8 17. Nbd4 Bxg5+ 18. Qxg5 Qf6 19. Qxf6 gxf6 20. Ne7+ Kf8 21. Nxc8 Rxc8 22. f4 Ng4 23. Rd2 a6 24. Nf5 1-0

[Event "December 5 Late 2023"]
[Site "https://www.chess.com"]
[Date "2023.12.05"]
[Round "2"]
[White "Stalri"]
[Black "Gabuzyan, Hovhannes"]
[Result "1-0"]
[Board "103"]
[TimeControl "180+1"]
[BlackFideId "13303732"]
[WhiteElo "2378"]
[BlackElo "2849"]
[BlackTeam "ARM"]
[WhiteClock "0:01:01"]
[BlackClock "0:01:56"]

1. d4 Nf6 2. c4 e6 3. Nc3 d5 4. cxd5 Nxd5 5. e3 Nxc3 6. bxc3 c5 7. Nf3 cxd4 8. exd4 Be7 9. Bd3 O-O 10. O-O Nd7 11. Re1 Nf6 12. Ne5 Bd7 13. Re3 Rc8 14. Rh3 g6 15. Qd2 Re8 16. Qh6 Bf8 17. Qh4 Bg7 18. Bg5 Rxc3 19. Ng4 Qc7 20. Nxf6+ Bxf6 21. Qxh7+ Kf8 22. Bxf6 Rc1+ 23. Bf1 1-0

[Event "December 5 Late 2023"]
[Site "https://www.chess.com"]
[Date "2023.12.05"]
[Round "2"]
[White "Donchenko, Anatoly"]
[Black "Galaktionov, Artem"]
[Result "0-1"]
[Board "104"]
[TimeControl "180+1"]
[WhiteFideId "4106091"]
[BlackFideId "24175471"]
[WhiteElo "2378"]
[BlackElo "2843"]
[WhiteTeam "GER"]
[BlackTeam "RUS"]
[WhiteClock "0:01:36"]
[BlackClock "0:02:18"]

1. Nf3 c6 2. c4 g6 3. d4 Bg7 4. g3 d6 5. Bg2 Nd7 6. Nc3 Ngf6 7. e4 e5 8. O-O O-O 9. h3 a5 10. Be3 exd4 11. Nxd4 Nc5 12. Qc2 a4 13. Rfd1 Qa5 14. f4 Re8 15. Bf2 h5 16. Rab1 Qb4 17. b3 axb3 18. axb3 Ra3 19. Rb2 Na6 20. Nb1 Ra1 21. Nc3 Rxd1+ 22. Nxd1 Qa5 23. Nc3 Bd7 24. Ra2 Qd8 25. Qd2 Nc5 26. Qc2 Qe7 27. Ra1 Nfxe4 28. Nxe4 Nxe4 29. Re1 d5 30. cxd5 cxd5 31. f5 Qb4 32. fxg6 Bxd4 33. Bxe4 Qxe1+ 34. Kg2 Qxf2+ 35. Qxf2 Bxf2 36. gxf7+ Kxf7 0-1

[Event "December 5 Late 2023"]
[Site "https://www.chess.com"]
[Date "2023.12.05"]
[Round "2"]
[White "Fawzy, Adham"]
[Black "Shtivelband, Richard"]
[Result "1-0"]
[Board "105"]
[TimeControl "180+1"]
[WhiteFideId "10613129"]
[BlackFideId "2017342"]
[WhiteElo "2815"]
[BlackElo "2374"]
[WhiteTeam "EGY"]
[BlackTeam "USA"]
[WhiteClock "0:01:21"]
[BlackClock "0:00:10"]

1. e4 c5 2. c4 Nc6 3. Nc3 g6 4. g3 Bg7 5. Bg2 e6 6. d3 Nge7 7. Be3 Nd4 8. Nge2 O-O 9. O-O a6 10. Rb1 Rb8 11. b4 Nxe2+ 12. Nxe2 cxb4 13. Rxb4 b5 14. cxb5 Rxb5 15. Rxb5 axb5 16. Qb3 Qa5 17. Bc5 Re8 18. f4 Nc6 19. e5 Bf8 20. Bxf8 Kxf8 21. Rc1 Qb6+ 22. Kf1 Bb7 23. Qc3 Kg8 24. Qc5 Qa5 25. Qd6 Rd8 26. a3 Qb6 27. d4 Ra8 28. Qxd7 Rc8 29. d5 exd5 30. Bxd5 Rc7 31. Qd6 Rc8 32. e6 Rd8 33. exf7+ Kg7 34. f8=Q+ Rxf8 35. Bxc6 Rf6 36. Qe7+ Rf7 37. Qe5+ 1-0